 Dungeon Crawl Stone Soup version 0.29-a0-92-gee772dd00f (webtiles) character file.

Game seed: 34449059264658656

186 cyrus the Skirmisher (level 5, -2/34 HPs)
             Began as a Gargoyle Fighter on Feb 9, 2022.
             Was a Believer of Uskayaw.
             Slain by an orc (5 damage)
             ... on level 3 of the Dungeon.
             The game lasted 00:06:33 (2407 turns).

cyrus the Skirmisher (Gargoyle Fighter)             Turns: 2407, Time: 00:06:34

Health: -2/34      AC: 12    Str: 20    XL:     5   Next: 66%
Magic:  5/5        EV:  9    Int:  8    God:    Uskayaw [**....]
Gold:   67         SH:  4    Dex: 11    Spells: 4/4 levels left

rFire   . . .      SeeInvis .   a - +0 flail
rCold   . . .      Faith    .   c - +0 buckler
rNeg    + . .      Spirit   .   b - +0 scale mail
rPois   ∞          Reflect  .   d - +0 helmet
rElec   +          Harm     .   (no cloak)
rCorr   .          Rampage  .   (no gloves)
Will    .....                   (no boots)
Stlth   ..........              (no amulet)
HPRegen 0.11/turn               (no ring)
MPRegen 0.09/turn               (no ring)

@: no status effects
A: sickness immunity, AC +4, negative energy resistance 1, electricity
resistance, torment resistance 1, petrification resistance
a: Renounce Religion, Stomp, Line Pass


You were on level 3 of the Dungeon.
You worshipped Uskayaw.
Uskayaw was noncommittal.
You visited 1 branch of the dungeon, and saw 3 of its levels.

You collected 67 gold pieces.

Inventory:

Hand Weapons
 a - a +0 flail (weapon)
Armour
 b - a +0 scale mail (worn)
 c - a +0 buckler (worn)
 d - a +0 helmet (worn)
Jewellery
 i - a +4 ring of evasion
Scrolls
 f - 2 scrolls of teleportation {unknown}
 g - a scroll of silence {unknown}
 h - a scroll of enchant armour {unknown}
Potions
 e - a potion of curing {unknown}


   Skills:
 + Level 4.4 Fighting
 + Level 3.7 Maces & Flails
 + Level 4.3 Armour
 + Level 0.6 Dodging
 + Level 0.1 Stealth
 + Level 3.7 Shields


You had 4 spell levels left.
You didn't know any spells.
Your spell library was empty.

Dungeon Overview and Level Annotations

Branches:
Dungeon (3/15)

Altars:
Uskayaw
Xom

Shops:
D:3 [


Innate Abilities, Weirdness & Mutations

You are immune to sickness and miasma.
Your stone body is resilient. (AC +4)
You are immune to poison.
You resist negative energy. (rN+)
You are resistant to electric shocks. (rElec)
You are resistant to unholy torment.
You are immune to petrification.


Message History

The orc priest hits you but does no damage.
Something hits you. You block the orc's attack.
You barely miss the orc priest.
The orc priest looks satisfied for a moment.
The orc hits you with a +0 falchion. Something hits you.
The orc hits you with a +0 mace.
* * * LOW HITPOINT WARNING * * *
You sock the orc priest!
The orc priest is heavily wounded.
You block the orc priest's attack. The orc hits you with a +0 falchion.
* * * LOW HITPOINT WARNING * * *
You block something's attack. The orc closely misses you.
The orc priest barely misses you. You block the orc's attack.
Something hits you but does no damage.
You sock the orc priest!
The orc priest is almost dead.
The orc hits you but does no damage. The orc priest misses you.
The orc hits you with a +0 falchion.
* * * LOW HITPOINT WARNING * * *
Something hits you but does no damage. The orc hits you but does no damage.
You can now pass through a line of other dancers.
You hit the orc priest.
You kill the orc priest!
The orc closely misses you. Something hits you.
* * * LOW HITPOINT WARNING * * *
The orc hits you but does no damage.
The orc suddenly grunts.
Things that are here:
a +0 club; a +0 ring mail; an orc corpse You hit the orc but do no damage.
You hear some strange, mumbled words.
Something tries to affect you, but you resist.
You closely miss the orc. The orc closely misses you.
You block the orc's attack. Something hits you but does no damage.
The orc hits you but does no damage.
Unknown command.
You hit the orc.
The orc is lightly wounded.
The orc hits you with a +0 mace.
You die...

######### #.......
#....... #...... . ......
...##...# ..<...........#
.......#.##o@#
......#.##.o## .......
#...## .....####...#
#..#..# ##..#
######..#..# #..# #
#.......#..## #..### #
.##.#####.....# ##...##.#
.<..########..###.∩.....#


You could see 2 orcs.

Vanquished Creatures
  A scorpion (D:2)
  An orc priest (D:3)
  Jessica (D:2)
  An adder (D:2)
  4 dart slugs
  4 bats
  4 endoplasms
  A giant cockroach (D:1)
  5 goblins
  6 hobgoblins
  5 jackals (D:2)
  8 ball pythons
  2 frilled lizards (D:1)
  5 kobolds
  6 rats
54 creatures vanquished.

Notes
Turn   | Place    | Note
-------+----------+-------------------------------------------
     0 | D:1      | cyrus the Gargoyle Fighter began the quest for the Orb.
     0 | D:1      | Reached XP level 1. HP: 14/14 MP: 1/1
   270 | D:1      | Reached XP level 2. HP: 6/19 MP: 2/2
   892 | D:1      | Reached XP level 3. HP: 19/23 MP: 3/3
  1495 | D:2      | Noticed a scorpion
  1504 | D:2      | Killed a scorpion
  1505 | D:2      | Reached XP level 4. HP: 17/29 MP: 4/4
  1682 | D:2      | Found a faded altar of an unknown god.
  1682 | D:2      | Noticed Jessica
  1689 | D:2      | Killed Jessica
  1690 | D:2      | Reached XP level 5. HP: 34/34 MP: 5/5
  1702 | D:2      | Prayed at the altar of an unknown god.
  1702 | D:2      | Became a worshipper of Uskayaw the Reveller
  1702 | D:2      | Reached * piety under Uskayaw
  1752 | D:2      | Found a shimmering altar of Xom.
  1827 | D:2      | Reached ** piety under Uskayaw
  2269 | D:3      | Found Guyf Kaudasi's Antique Armour Emporium.
  2407 | D:3      | Slain by an orc

Illustrated notes

Levels and vault maps discovered:
D:1:      dpeg_arrival_erosion, layout_basic
D:2:      layout_loops_cross, hellmonk_ecumenical_altar_slurped_away,
          basic_altar, uniq_jessica
D:3:      layout_rooms, cheibrodos_sewer_entry_drain, serial_shops, shop,
          grunt_ministairs_15

Skill      XL: |  1  2  3  4 |
---------------+-------------+-----
Fighting       | 4 |  4.4
Maces & Flails | 3 |  3.7
Armour         | 4 |  4.3
Dodging        | |  0.6
Stealth        | |  0.1
Shields        | |  3.7

Action                   |  1- 3 |  4- 6 || total
-------------------------+-------+-------++-------
Melee: Flail             |    79 |    79 ||   158
  Use: Potion            |     1 |       ||     1
Armor: Scale mail        |    40 |    58 ||    98
Dodge: Dodged            |    42 |    44 ||    86
Block: Buckler           |    23 |    29 ||    52

Table legend: (Time is in decaauts)
 A = Elapsed time spent in this place.
 B = Non-inter-level travel time spent in this place.
 C = Inter-level travel time spent in this place.
 D = Time resting spent in this place.
 E = Time spent auto-exploring this place.
 F = Levels seen in this place.
 G = Mean time per level.
                   A        B        C        D        E       F      G
               +--------+--------+--------+--------+--------+-----+--------+
         Total |   2452 |   2411 |     41 |     95 |   1786 |   3 |  817.3 |
       Dungeon |   2452 |   2411 |     41 |     95 |   1786 |   3 |  817.3 |
               +--------+--------+--------+--------+--------+-----+--------+

Top non-repeatable levels by time:
     D:1: 1516 daAuts
     D:2: 772 daAuts
     D:3: 162 daAuts
